 Dungeon Crawl Stone Soup version 0.21-a0-203-gb066a6e (webtiles) character file.

387740 JaminCrawler the Executioner (level 22, -2/211 (213) HPs)
             Began as a Minotaur Berserker on Aug 9, 2017.
             Was a High Priest of Trog.
             Killed from afar by a frost giant (27 damage)
             ... with a bolt of cold
             ... on level 3 of the Depths on Aug 18, 2017.
             The game lasted 03:20:52 (58586 turns).

JaminCrawler the Executioner (Minotaur Berserker)  Turns: 58586, Time: 03:20:52

HP:   -2/211 (213)  AC: 30    Str: 33 (34) XL:     22   Next: 3%
MP:   21/21         EV: 19    Int:  9      God:    Trog [*****.]
Gold: 2042          SH: 19    Dex: 20      Spells: 21/21 levels left

rFire    + . .     SeeInvis .   L - +5 broad axe (venom)
rCold    . . .     Gourm    .   M - +1 shield
rNeg     + + .     Faith    .   y - +2 pearl dragon scales
rPois    +         Spirit   .   b - +2 hat of Jigsaw {rF+ Str+3 Dex+3}
rElec    .         Reflect  .   U - +2 cloak
rCorr    .         Harm     .   Q - +2 pair of gloves
MR       +++..                  B - +0 pair of boots
Stlth    +.........             o - amulet of regeneration
HPRegen  1.85/turn              r - +4 ring of strength
MPRegen  0.17/turn              q - ring of the Butterfly {+Fly rPois rN+ Int+4 Dex+3}

@: very slightly contaminated, regenerating, studying Dodging
A: retaliatory headbutt, horns 2, deterioration 1, sense surroundings 1,
screaming 1
}: 2/15 runes: decaying, serpentine
a: Berserk, Trog's Hand, Brothers in Arms, Burn Spellbooks, Renounce Religion,
Evoke Flight


You were on level 3 of the Depths.
You worshipped Trog.
Trog was extremely pleased with you.
You were hungry.

You visited 7 branches of the dungeon, and saw 38 of its levels.
You visited the Abyss 2 times.
You also visited: Labyrinth.

You collected 4543 gold pieces.
You spent 2501 gold pieces at shops.

Inventory:

Hand Weapons
 p - a +3 executioner's axe of venom
 G - a +4 antimagic broad axe
 L - a +5 broad axe of venom (weapon)
Armour
 b - the +2 hat of Jigsaw (worn) {rF+ Str+3 Dex+3}
   (You acquired it on level 3 of the Lair of Beasts)

   It affects your strength (+3).
   It affects your dexterity (+3).
   It protects you from fire.
 l - the +0 cloak "Naabas" {rF++ rC++ Dex-2}
   (You bought it in a shop on level 1 of the Vaults)

   It affects your dexterity (-2).
   It greatly protects you from fire.
   It greatly protects you from cold.
 y - +2 pearl dragon scales (worn)
 B - a +0 pair of boots (worn)
 M - a +1 shield (worn)
 Q - a +2 pair of gloves (worn)
 U - a +2 cloak (worn)
Jewellery
 n - a +4 amulet of reflection {unknown}
 o - an amulet of regeneration (around neck)
 q - the ring of the Butterfly (right hand) {+Fly rPois rN+ Int+4 Dex+3}
   (You bought it in a shop on level 2 of the Orcish Mines)

   [ring of intelligence]

   It affects your intelligence (+4).
   It affects your dexterity (+3).
   It protects you from poison.
   It protects you from negative energy.
   It lets you fly.
 r - a +4 ring of strength (left hand)
 A - an uncursed ring of protection from magic
 C - an uncursed amulet of faith
 E - an uncursed ring of magical power {unknown}
 F - an uncursed ring of poison resistance
 Y - the ring "Jeit" {rCorr rElec Str-4 Int+4}
   (You found it on level 2 of the Depths)

   [ring of resist corrosion]

   It affects your strength (-4).
   It affects your intelligence (+4).
   It insulates you from electricity.
Wands
 w - a wand of polymorph (10/24)
 R - a wand of polymorph (11/24)
Scrolls
 h - 10 scrolls of teleportation
 i - 20 scrolls of remove curse
 m - 9 scrolls of fog
 t - 3 scrolls of identify
 u - a scroll of summoning
 z - a scroll of holy word
 D - a scroll of fear
 W - 2 scrolls of magic mapping
 X - 5 scrolls of recharging
Potions
 d - 2 potions of invisibility
 e - 6 potions of curing
 f - 5 potions of ambrosia
 g - 4 potions of magic
 j - a potion of brilliance {unknown}
 k - 4 potions of haste
 s - 2 potions of berserk rage {unknown}
 x - 2 potions of agility {unknown}
 I - 3 potions of might
 K - 4 potions of flight
 O - 2 potions of resistance
 S - 4 potions of cancellation
Books
 J - the Guide on the Entourage and Evil Rituals
   (You found it on level 2 of the Depths)

   Spells                             Type                      Level
   a - Animate Skeleton               Necromancy                   1
   b - Pain                           Necromancy                   1
   c - Vampiric Draining              Necromancy                   3
   d - Control Undead                 Necromancy                   4
   e - Dispel Undead                  Necromancy                   5
   f - Shadow Creatures               Summoning                    6
   Trog disapproves of the use of such an item.
 N - a manual of Dodging
Comestibles
 a - 12 royal jellies
 c - 4 bread rations
 v - 13 fruits
 H - 14 chunks of flesh


   Skills:
 + Level 21.2 Fighting
 * Level 26.5 Axes
 + Level 16.3 Armour
 + Level 11.2 Dodging
 + Level 3.3 Stealth
 + Level 21.6 Shields
 + Level 1.2 Unarmed Combat


You had 21 spell levels left.
You didn't know any spells.

Dungeon Overview and Level Annotations

Branches:
Dungeon (15/15)            Temple (0/1) D:4            Lair (6/6) D:8
  Swamp (4/4) Lair:2        Snake (4/4) Lair:4        Slime (0/5) Lair:6
    Orc (2/2) D:12            Elf (0/3) Orc:2        Vaults (4/5) D:14
  Crypt (0/3) Vaults:3     Depths (3/5) D:15

Altars:
Cheibriados
Dithmenos
Fedhas
Gozag
Hepliaklqana
Kikubaaqudgha
Makhleb
Nemelex Xobeh
Okawaru
Qazlal
Ru
Trog
Vehumet
Wu Jian
Yredelemnul
Beogh

Shops:
D:6 :   D:8 [   D:13 *   Orc:1 =!   Orc:2 =:[(:   Snake:3 }=}   Vaults:1 [(*(

Portals:
Hell: Depths:1 Depths:2
Abyss: Depths:2
Pandemonium: Depths:3


Innate Abilities, Weirdness & Mutations

You reflexively headbutt those who attack you in melee.
You have a pair of horns on your head.
Your body sometimes deteriorates upon taking damage.
You passively map a small area around you.
You occasionally shout uncontrollably at your foes.


Message History

You see here 2 bolts.
Something completely misses you. Something bites you but does no damage.
You hear some strange, mumbled words.
Something tries to affect you, but you resist.
The frost giant points at you and mumbles some strange words.
The bolt of cold hits you!
* * * LOW HITPOINT WARNING * * *
Your body deteriorates!
You feel weakened.
Blink to where?
Press: ? - help, Dir - move target cursor You are very lightly contaminated with residual magic.
As you read the scroll of blinking, it crumbles to dust.
Your skin crawls.
You feel resistant to hostile enchantments.
You feel somewhat more hungry.
Your troll goes berserk!
You are feeling hungry.
The frost giant gestures at you while chanting.
The bolt of cold hits something.
The bolt of cold hits you!
You die...

, #...............#
#........###+##..#* ≈ ≈ *
##.R###...# ≈ ≈
##..D###...# , , ≈
*#...C......# ,,*
≈...##.T.###..# ,, , ≈
≈######..####.# **
#..........######
#...###@.......... #####
#### ##........### , ,
.... ####.......>...#
#..## #............... *
####...####...........##.
.........##...........# ,
, ,###.........##......#
* * *
,##.##........#####).)..
*
#...#..((.)).#####....).


You could see a frost giant, an ice dragon, a rakshasa and a friendly troll
(berserk).

Vanquished Creatures
  Mara (Vaults:3)
  A juggernaut (Depths:2)
  3 caustic shrikes (Depths:2)
  The ghost of spracte the Warrior, an adept TeFi of Okawaru (Vaults:3)
  2 liches
  2 tentacled monstrosities
  A titan (Depths:2)
  3 sphinxes
  Kirke (D:12)
  3 thorn hunters
  Gastronok (Lair:2)
  Frances (D:12)
  2 tengu reavers
  14 nagarajas
  4 fire giants
  A deep elf sorcerer (Vaults:2)
  Donald (Swamp:2)
  A frost giant (Depths:2)
  8 vault wardens
  Aizul (Vaults:1)
  An orc warlord (Orc:2)
  A draconian annihilator (Depths:2)
  A deep elf elementalist (Depths:2)
  6 very ugly things
  8 stone giants
  13 ironheart preservers
  3 entropy weavers
  A vampire knight (Depths:1)
  A deep elf annihilator (Vaults:2)
  2 deep elf demonologists (Depths:2)
  3 spark wasps (Depths:2)
  4 deep elf death magi
  4 ettins
  A minotaur (Lab)
  2 jiangshi (Depths:2)
  4 fire dragons
  8 yaktaur captains
  4 great orbs of eyes
  18 hydras
  7 vault guards
  3 rakshasas
  7 ice dragons
  23 naga warriors
  7 centaur warriors
  A catoblepas (D:12)
  An ice dragon (shapeshifter) (Depths:2)
  16 anacondas
  3 death knights (Vaults:3)
  Erica (D:9)
  10 alligators
  A deep troll shaman (Vaults:2)
  20 two-headed ogres
  8 ogre magi
  5 deep troll earth magi
  4 tengu warriors
  6 shock serpents
  A hell knight (Depths:2)
  2 spriggan berserkers (Depths:2)
  2 orc high priests (Orc:2)
  4 deep elf knights
  4 vampire magi
  6 spriggans
  10 naga sharpshooters
  A sun demon (Depths:2)
  A wretched star (Abyss:2)
  Nergalle (Lair:4)
  A salamander mystic (Snake:4)
  5 shadow wraiths
  3 skeletal warriors (D:13)
  A spark wasp zombie (Depths:2)
  A sixfirhy (Depths:3)
  A death drake (Swamp:3)
  24 deep trolls
  5 wizards
  A large abomination (Abyss:2)
  8 glowing orange brains
  An infernal demonspawn (Depths:3)
  10 naga ritualists
  A phantasmal warrior (Vaults:3)
  2 deep elf archers
  3 spectral hydras (Swamp:3)
  9 ironbrand convokers
  3 lindwurms
  A spriggan druid (Swamp:2)
  15 swamp dragons
  A golden dragon skeleton (Depths:1)
  10 necromancers
  9 orc knights
  5 harpies (Vaults:3)
  A wolf spider zombie (D:13)
  10 mana vipers
  3 wolf spiders
  9 cyclopes
  A cyclops (shapeshifter) (D:14)
  6 orc sorcerers
  44 ugly things
  A tengu skeleton (Depths:1)
  4 manticores
  7 deep elf magi
  A worldbinder (Abyss:2)
  11 salamanders
  A faun (shapeshifter) (Depths:2)
  A frost giant skeleton (Depths:1)
  11 guardian serpents
  34 black mambas
  3 molten gargoyles (Lair:6)
  A water nymph (shapeshifter) (D:15)
  2 rust devils
  3 elephants (Lair:6)
  17 naga magi
  10 vault sentinels
  A fire giant skeleton (Depths:1)
  4 centaur zombies
  2 smoke demons (Abyss:2)
  A spiny frog (shapeshifter) (Vaults:3)
  An eye of devastation (shapeshifter) (Depths:2)
  13 spiny frogs
  7 centaur skeletons
  A gargoyle (D:15)
  A hellion (Depths:3)
  A rime drake (Lair:5)
  14 komodo dragons
  2 kobold demonologists (D:15)
  A yaktaur (shapeshifter) (Depths:2)
  40 yaktaurs
  An efreet (D:14)
  5 swamp worm zombies (Swamp:3)
  A tengu conjurer (Vaults:4)
  The ghost of Kaishin the Changer, a novice OpTm of Elyvilon (D:5)
  5 hellwings (Abyss:2)
  An entropy weaver simulacrum (Vaults:3)
  5 freezing wraiths
  8 trolls
  A red devil (Depths:3)
  2 ancient zymes (Abyss:2)
  A polar bear (Lair:2)
  The ghost of goofnerd the Slasher, an amateur MiMo (D:4)
  2 tyrant leeches (Swamp:1)
  A troll (shapeshifter) (Depths:2)
  A tengu simulacrum (Depths:1)
  10 hornets
  57 slime creatures
  A sphinx simulacrum (Vaults:2)
  Prince Ribbit (D:9)
  25 blink frogs
  10 hippogriffs
  A hippogriff (shapeshifter) (Depths:1)
  A frost giant simulacrum (Vaults:2)
  14 bog bodies
  A dream sheep (shapeshifter) (Vaults:2)
  4 alligator zombies (Swamp:3)
  3 spectral swamp dragons (Swamp:3)
  5 dream sheep (Lair:5)
  7 raiju (Abyss:2)
  A spriggan (shapeshifter) (Depths:2)
  5 redbacks
  5 water elementals (Depths:1)
  4 wraiths
  9 shadows
  A vampire (D:14)
  7 wyverns
  A human (shapeshifter) (Vaults:1)
  25 yaks
  Eustachio (D:6)
  7 basilisks
  6 hogs
  A human (D:9)
  3 tyrant leech zombies (Swamp:3)
  13 hungry ghosts
  11 vampire mosquitoes
  A steam dragon (Lair:6)
  3 small abominations (Abyss:2)
  15 swamp worms
  2 acid dragons
  4 hell hounds (Lair:6)
  8 wargs
  77 nagas
  3 spiny frog zombies (Swamp:3)
  16 water moccasins
  12 porcupines
  37 orc warriors
  A sky beast (shapeshifter) (Depths:2)
  10 swamp drakes
  3 ice beasts
  A black bear (D:8)
  An ettin simulacrum (Depths:1)
  A phantom (D:9)
  2 sky beasts
  2 eyes of draining (D:11)
  2 necrophages (D:13)
  26 ogres
  23 boggarts
  25 centaurs
  A tengu (shapeshifter) (Vaults:2)
  Blork the orc (D:4)
  15 crocodiles
  11 big kobolds
  A wyvern zombie (D:12)
  18 bullfrogs
  5 gnoll sergeants
  An earth elemental (Lab)
  6 scorpions
  2 wyvern skeletons
  4 spriggan zombies (Swamp:3)
  9 killer bees
  A human simulacrum (Vaults:1)
  16 wights
  4 electric eels
  3 howler monkeys (D:9)
  5 crimson imps
  7 lava snakes
  2 bullfrog zombies
  A quasit (D:10)
  5 hounds
  3 jellies
  21 orc priests
  Jessica (D:2)
  2 bullfrog skeletons
  7 hell rats (Lair:6)
  Natasha (thrice) (D:2)
  5 iguanas
  13 worker ants
  34 orc wizards
  A statue (D:5)
  3 hound zombies
  4 hound skeletons
  10 gnolls
  15 adders
  2 howler monkey skeletons
  3 shadow imps
  A white imp (Vaults:1)
  2 oozes
  2 adder zombies
  3 worms (D:2)
  6 dart slugs
  5 leopard geckos
  118 orcs
  3 ball pythons
  4 bats
  9 giant cockroaches
  7 goblins
  10 hobgoblins
  13 jackals
  4 quokkas
  5 frilled lizards
  26 kobolds
  A quokka skeleton (D:4)
  A quokka zombie (D:7)
  8 rats
  2 briar patches (Swamp:4)
  6 fungi
  11 plants
  A withered plant (Swamp:3)
1726 creatures vanquished.

Vanquished Creatures (collateral kills)
  A tentacled monstrosity (Depths:2)
  A lich (Depths:2)
  A great orb of eyes (Vaults:4)
  A fire dragon (Vaults:1)
  A naga warrior (Snake:2)
  3 hydras (Swamp:4)
  An ogre mage (Vaults:1)
  2 anacondas
  A shock serpent (Snake:4)
  2 naga sharpshooters (Snake:4)
  A salamander mystic (Snake:4)
  A shambling mangrove (Swamp:4)
  A naga ritualist (Snake:4)
  An orc knight (Vaults:1)
  2 ugly things (Vaults:1)
  A guardian serpent (Snake:2)
  A naga mage (Snake:4)
  An efreet (D:13)
  A yaktaur (Vaults:4)
  A queen bee (shapeshifter) (Depths:2)
  A hornet (Swamp:4)
  A spriggan (Swamp:4)
  2 hungry ghosts (Lab)
  An acid dragon (Vaults:1)
  7 nagas
  A swamp drake (Swamp:4)
  4 orc warriors
  A phantom (D:12)
  An ogre (Vaults:1)
  4 killer bees (D:12)
48 creatures vanquished.

Vanquished Creatures (others)
  A shadow wraith (Vaults:4)
  3 nagas
  A boggart (Vaults:2)
  A jelly (D:14)
  A ball python (Depths:1)
  2 briar patches (Swamp:4)
  10 fungi
  5 plants
  A withered plant (Swamp:3)
25 creatures vanquished.

Grand Total: 1799 creatures vanquished

Notes
Turn   | Place    | Note
-------+----------+-------------------------------------------
     0 | D:1      | JaminCrawler the Minotaur Berserker began the quest for the Orb.
     0 | D:1      | Reached XP level 1. HP: 19/19 MP: 0/0
    46 | D:1      | Reached XP level 2. HP: 27/27 MP: 1/1
   561 | D:1      | Reached XP level 3. HP: 25/34 MP: 2/2
   996 | D:2      | Noticed Natasha
  1006 | D:2      | Reached ** piety under Trog
  1010 | D:2      | Killed Natasha
  1010 | D:2      | Reached skill level 4 in Axes
  1236 | D:2      | Found a hazy altar of Hepliaklqana.
  1282 | D:2      | Noticed Natasha
  1293 | D:2      | Killed Natasha
  1293 | D:2      | Reached XP level 4. HP: 21/41 MP: 3/3
  1378 | D:2      | Noticed Natasha
  1382 | D:2      | Killed Natasha
  1739 | D:2      | Found a snail-covered altar of Cheibriados.
  1819 | D:2      | Reached skill level 5 in Axes
  1835 | D:2      | Reached XP level 5. HP: 31/47 MP: 4/4
  2097 | D:2      | Reached skill level 5 in Fighting
  2130 | D:2      | Noticed Jessica
  2135 | D:2      | Killed Jessica
  3030 | D:3      | Found a blossoming altar of Fedhas.
  3295 | D:3      | Found an opulent altar of Gozag.
  3467 | D:3      | Found an iron altar of Okawaru.
  3557 | D:4      | Reached *** piety under Trog
  3613 | D:4      | Noticed goofnerd's ghost (amateur MiMo)
  3631 | D:4      | Killed goofnerd's ghost
  3631 | D:4      | Reached skill level 6 in Axes
  3631 | D:4      | Reached skill level 1 in Stealth
  3631 | D:4      | Reached XP level 6. HP: 56/56 MP: 5/5
  3709 | D:4      | Found an ancient bone altar of Kikubaaqudgha.
  3760 | D:4      | Reached XP level 7. HP: 55/62 MP: 6/6
  3908 | D:4      | Noticed Blork the orc
  3925 | D:4      | Killed Blork the orc
  4077 | D:4      | Reached skill level 7 in Axes
  4259 | D:4      | Found a staircase to the Ecumenical Temple.
  4314 | D:5      | Entered Level 5 of the Dungeon
  4332 | D:5      | Reached skill level 5 in Armour
  4598 | D:5      | Reached XP level 8. HP: 64/70 MP: 7/7
  4599 | D:5      | Reached skill level 8 in Axes
  4654 | D:5      | Reached **** piety under Trog
  4691 | D:5      | Noticed Kaishin's ghost (novice OpTm)
  4699 | D:5      | Killed Kaishin's ghost
  4699 | D:5      | Reached skill level 9 in Axes
  4738 | D:5      | Found a bloodstained altar of Trog.
  4748 | D:5      | Found a stormy altar of Qazlal.
  4750 | D:5      | Found a sparkling altar of Nemelex Xobeh.
  4832 | D:5      | Found a radiant altar of Vehumet.
  5038 | D:5      | Received a gift from Trog
  5315 | D:5      | Reached skill level 10 in Axes
  5448 | D:6      | Found Gastriruq's Book Emporium.
  5467 | D:6      | Found a burning altar of Makhleb.
  5510 | D:6      | Noticed Eustachio
  5528 | D:6      | Killed Eustachio
  5706 | D:6      | Reached XP level 9. HP: 72/78 MP: 8/8
  5817 | D:6      | Found an ornate altar of the Wu Jian Council.
  6302 | D:7      | Reached skill level 11 in Axes
  7041 | D:8      | Reached skill level 12 in Axes
  7330 | D:8      | Found a staircase to the Lair.
  7427 | D:8      | Found Acacekea's Armour Emporium.
  7575 | D:8      | Found a basalt altar of Yredelemnul.
  7582 | D:8      | Reached ***** piety under Trog
  7732 | D:8      | Reached XP level 10. HP: 83/88 MP: 9/9
  7895 | D:9      | Noticed Prince Ribbit
  7902 | D:9      | Noticed Erica
  7908 | D:9      | Killed Prince Ribbit
  7908 | D:9      | Reached skill level 13 in Axes
  7913 | D:9      | Killed Erica
  8217 | D:9      | Upgraded the game from 0.21-a0-178-g0b87683 to 0.21-a0-181-g586d7bb
  8382 | D:9      | Noticed a two-headed ogre
  8382 | D:9      | Reached skill level 14 in Axes
  8390 | D:9      | Killed a two-headed ogre
  8796 | D:9      | Found a shadowy altar of Dithmenos.
  9078 | D:9      | Received a gift from Trog
  9080 | D:9      | Reached XP level 11. HP: 99/99 MP: 10/10
  9154 | D:10     | Entered Level 10 of the Dungeon
  9215 | D:10     | Reached skill level 15 in Axes
  9487 | D:10     | Reached skill level 10 in Fighting
  9646 | D:10     | Noticed an eight-headed hydra
  9652 | D:10     | Killed an 11-headed hydra
 10424 | D:11     | You fall through a shaft for 3 floors!
 10489 | D:14     | Reached skill level 10 in Armour
 10503 | D:14     | Reached skill level 1 in Shields
 11031 | D:14     | Noticed an eight-headed hydra
 11038 | D:14     | Killed an 11-headed hydra
 11102 | D:13     | Noticed a tengu warrior
 11102 | D:13     | Noticed a tengu warrior
 11102 | D:13     | Noticed a skeletal warrior
 11102 | D:13     | Noticed a skeletal warrior
 11106 | D:13     | Noticed a skeletal warrior
 11111 | D:13     | Killed a tengu warrior
 11111 | D:13     | Reached skill level 16 in Axes
 11119 | D:13     | Killed a skeletal warrior
 11119 | D:13     | Reached skill level 5 in Dodging
 11120 | D:13     | Killed a skeletal warrior
 11124 | D:13     | Killed a tengu warrior
 11127 | D:13     | Killed a skeletal warrior
 11127 | D:13     | Reached XP level 12. HP: 61/108 MP: 11/11
 11665 | D:13     | Noticed a centaur warrior
 11670 | D:13     | Killed a centaur warrior
 11889 | D:13     | Reached skill level 5 in Shields
 12630 | D:12     | Noticed Frances
 12702 | D:12     | Found a labyrinth entrance.
 12712 | Lab      | Entered a labyrinth
 14055 | Lab      | Gained mutation: Your body sometimes deteriorates upon taking damage. [potion of mutation]
 14055 | Lab      | Gained mutation: You occasionally shout uncontrollably at your foes. [potion of mutation]
 14055 | Lab      | Gained mutation: You passively map a small area around you. [potion of mutation]
 15305 | Lab      | Got a wavering bronze amulet
 15431 | Lab      | Found an exit through the horrors of the Abyss.
 15584 | Lab      | Noticed a minotaur
 15600 | Lab      | Reached skill level 17 in Axes
 15607 | Lab      | Killed a minotaur
 15800 | Lab      | Identified the amulet of Liaff {Harm *Drain Dex+2} (You found it in a labyrinth)
 15802 | Lab      | Upgraded the game from 0.21-a0-181-g586d7bb to 0.21-a0-184-g9126a74
 16307 | D:12     | Killed Frances
 16824 | D:12     | Found a staircase to the Orcish Mines.
 16833 | D:12     | Noticed a two-headed ogre
 16841 | D:12     | Reached XP level 13. HP: 116/116 MP: 12/12
 17401 | D:12     | Noticed Kirke
 17419 | D:12     | Killed Kirke
 17755 | D:12     | Noticed a stone giant
 17765 | D:12     | Killed a stone giant
 18103 | D:12     | Got a flickering pewter ring
 18104 | D:12     | Identified the ring "Mayssa" {rF+ rC- rN+ Dex+3} (You found it on level 12 of the Dungeon)
 18127 | D:12     | Reached skill level 18 in Axes
 18212 | D:12     | Reached skill level 1 in Unarmed Combat
 18858 | D:11     | Found Reifuukk's Antique Weapon Boutique.
 20110 | D:8      | Reached skill level 10 in Shields
 20132 | Lair:1   | Entered Level 1 of the Lair of Beasts
 20741 | Lair:1   | Reached XP level 14. HP: 127/127 MP: 13/13
 21495 | Lair:2   | Found a staircase to the Swamp.
 21558 | Lair:2   | Noticed Gastronok
 21571 | Lair:2   | Killed Gastronok
 22003 | Lair:2   | Identified a scroll of acquirement
 23434 | Lair:4   | Noticed Nergalle
 23446 | Lair:4   | Killed Nergalle
 23595 | Lair:4   | Found a staircase to the Snake Pit.
 24049 | Lair:5   | Found a snail-covered altar of Cheibriados.
 24961 | Lair:6   | Entered Level 6 of the Lair of Beasts
 24983 | Lair:6   | Found a staircase to the Slime Pits.
 25323 | Lair:6   | Found a large runed door.
 25549 | Lair:6   | Found a large runed door.
 25907 | Lair:6   | Upgraded the game from 0.21-a0-184-g9126a74 to 0.21-a0-185-g3a6ed1e
 25927 | Lair:6   | Reached skill level 19 in Axes
 26837 | Lair:6   | Received a gift from Trog
 27120 | Orc:1    | Entered Level 1 of the Orcish Mines
 27122 | Orc:1    | Found Vumyts's Jewellery Shop.
 27385 | Orc:2    | Entered Level 2 of the Orcish Mines
 27433 | Orc:2    | Reached XP level 15. HP: 137/137 MP: 14/14
 27583 | Orc:1    | Found Wanesos's Distillery.
 27900 | Orc:2    | Found a staircase to the Elven Halls.
 27977 | Orc:2    | Found a roughly hewn altar of Beogh.
 28024 | Orc:2    | Paralysed by an orc sorcerer for 6 turns
 28075 | Orc:2    | Noticed an orc warlord
 28102 | Orc:2    | Received a gift from Trog
 28103 | Orc:2    | Killed an orc warlord
 28207 | Orc:2    | Found Zorefa's Antique Armour Shop.
 28221 | Orc:2    | Found Senitine's Antique Weapon Boutique.
 28222 | Orc:2    | Found a roughly hewn altar of Beogh.
 28410 | Orc:2    | Found Ymocu's Book Shoppe.
 28571 | Orc:2    | Found a roughly hewn altar of Beogh.
 28572 | Orc:2    | Found Ofaekh's Book Shop.
 28651 | Orc:2    | Found a roughly hewn altar of Beogh.
 28723 | Orc:2    | Found a roughly hewn altar of Beogh.
 28734 | Orc:2    | Found Folaq's Jewellery Boutique.
 28744 | Orc:2    | Bought the ring of the Butterfly {+Fly rPois rN+ Int+4 Dex+3} for 660 gold pieces
 28821 | Orc:2    | Bought a runed cloak for 180 gold pieces
 29015 | D:13     | Found Lusewion's General Store.
 29047 | D:13     | Reached ****** piety under Trog
 29214 | D:8      | Bought +0 pearl dragon scales for 1300 gold pieces
 29735 | D:14     | Received a gift from Trog
 29960 | D:14     | Found a gate to the Vaults.
 29961 | D:14     | Cast into level 2 of the Abyss (a wizard)
 30059 | Abyss:2  | Found a corrupted altar of Lugonu.
 30139 | Abyss:2  | Reached skill level 20 in Axes
 30552 | D:14     | Escaped the Abyss
 30825 | D:14     | Found a sacrificial altar of Ru.
 30861 | D:14     | Upgraded the game from 0.21-a0-185-g3a6ed1e to 0.21-a0-193-g085b6a0
 31142 | D:14     | Received a gift from Trog
 31340 | D:15     | Entered Level 15 of the Dungeon
 31456 | D:15     | Reached skill level 15 in Fighting
 32835 | Swamp:1  | Entered Level 1 of the Swamp
 33061 | Swamp:1  | Reached XP level 16. HP: 122/149 MP: 15/15
 34669 | Swamp:1  | Received a gift from Trog
 34777 | Swamp:2  | Noticed Donald
 34784 | Swamp:2  | Killed Donald
 34966 | Swamp:2  | Reached skill level 21 in Axes
 35353 | Swamp:2  | Upgraded the game from 0.21-a0-193-g085b6a0 to 0.21-a0-195-gc079aee
 35912 | Swamp:2  | You fall through a shaft!
 36216 | Swamp:3  | Noticed a thorn hunter
 36236 | Swamp:3  | Killed a thorn hunter
 37033 | Swamp:3  | Received a gift from Trog
 37121 | Swamp:3  | Upgraded the game from 0.21-a0-195-gc079aee to 0.21-a0-196-g6a663c0
 38116 | Swamp:4  | Entered Level 4 of the Swamp
 38363 | Swamp:4  | Noticed a thorn hunter
 38795 | Swamp:4  | Killed a thorn hunter
 38806 | Swamp:4  | Reached XP level 17. HP: 158/158 MP: 16/16
 39076 | Swamp:4  | Got a decaying rune of Zot
 39090 | Swamp:4  | Reached skill level 15 in Armour
 39373 | Swamp:4  | Found the macabre finger necklace {rN+}
 39414 | Swamp:4  | Reached skill level 15 in Shields
 40404 | Snake:1  | Entered Level 1 of the Snake Pit
 40515 | Snake:1  | Received a gift from Trog
 40913 | Snake:1  | Reached skill level 22 in Axes
 42313 | Snake:2  | Received a gift from Trog
 43568 | Snake:3  | Reached XP level 18. HP: 85/169 MP: 17/17
 44018 | Snake:3  | Found Goutut's Gadget Emporium.
 44021 | Snake:3  | Found Pibeacad's Jewellery Shop.
 44022 | Snake:3  | Found Vunemaqe's Gadget Emporium.
 44204 | Snake:4  | Entered Level 4 of the Snake Pit
 44469 | Snake:4  | Received a gift from Trog
 45451 | Snake:4  | Reached skill level 23 in Axes
 45602 | Snake:4  | Received a gift from Trog
 46000 | Snake:4  | Got a serpentine rune of Zot
 47103 | Lair:3   | Got a smoking hat
 47114 | Lair:3   | Identified the +2 hat of Jigsaw {rF+ Str+3 Dex+3} (You acquired it on level 3 of the Lair of Beasts)
 47435 | Vaults:1 | Entered Level 1 of the Vaults
 47722 | Vaults:1 | Found Veol's Assorted Antiques.
 47729 | Vaults:1 | Bought a dazzling cloak for 361 gold pieces
 47739 | Vaults:1 | Identified the cursed +0 cloak "Naabas" {rF++ rC++ Dex-2} (You bought it in a shop on level 1 of the Vaults)
 48017 | Vaults:1 | Found Jonap's Antique Weapon Boutique.
 48570 | Vaults:1 | Found Noan's Antique Armour Boutique.
 48713 | Vaults:1 | Found Zaemiod's Antique Weapon Shop.
 49000 | Vaults:1 | Noticed Aizul
 49010 | Vaults:1 | Killed Aizul
 49010 | Vaults:1 | Received a gift from Trog
 49010 | Vaults:1 | Reached XP level 19. HP: 174/178 MP: 18/18
 50141 | Vaults:2 | Upgraded the game from 0.21-a0-196-g6a663c0 to 0.21-a0-200-gb89f83b
 50142 | Vaults:2 | Received a gift from Trog
 50155 | Vaults:2 | Reached skill level 24 in Axes
 50557 | Vaults:2 | Received a gift from Trog
 50947 | Vaults:3 | Reached skill level 10 in Dodging
 51281 | Vaults:3 | Noticed Mara
 51296 | Vaults:3 | Noticed JaminCrawler's illusion
 51316 | Vaults:3 | Noticed spracte's ghost (adept TeFi)
 51322 | Vaults:3 | Upgraded the game from 0.21-a0-200-gb89f83b to 0.21-a0-201-g8501b10
 51367 | Vaults:3 | Found a staircase to the Crypt.
 51883 | Vaults:3 | Noticed JaminCrawler's illusion
 51899 | Vaults:3 | Reached XP level 20. HP: 191/191 MP: 19/19
 51921 | Vaults:3 | Killed Mara
 51990 | Vaults:3 | Killed spracte's ghost
 52228 | Vaults:3 | Upgraded the game from 0.21-a0-201-g8501b10 to 0.21-a0-203-gb066a6e
 53221 | Vaults:4 | Reached skill level 25 in Axes
 53646 | Depths:1 | Entered Level 1 of the Depths
 53768 | Depths:1 | Cast into level 4 of the Abyss (a lich)
 53772 | Depths:1 | Escaped the Abyss
 53773 | Depths:1 | Received a gift from Trog
 54724 | Depths:1 | Found a gateway to Hell.
 55206 | Depths:1 | Reached XP level 21. HP: 201/201 MP: 20/20
 55419 | Depths:1 | Received a gift from Trog
 55524 | Depths:2 | Paralysed by a wizard for 4 turns
 55923 | Depths:2 | Found a one-way gate to the infinite horrors of the Abyss.
 55956 | Depths:2 | Noticed a caustic shrike
 55976 | Depths:2 | Killed a caustic shrike
 56252 | Depths:2 | Noticed a caustic shrike
 56255 | Depths:2 | Killed a caustic shrike
 56276 | Depths:2 | HP: 7/200 [sphinx/divine providence (14)]
 56296 | Depths:2 | HP: 8/200 [spriggan berserker/quarterstaff (13)]
 56786 | Depths:2 | Reached skill level 26 in Axes
 57163 | Depths:2 | Noticed a juggernaut
 57187 | Depths:2 | Killed a juggernaut
 57187 | Depths:2 | Received a gift from Trog
 57212 | Depths:2 | Identified the Guide on the Entourage and Evil Rituals
 57229 | Depths:2 | Got a warped platinum ring
 57411 | Depths:2 | Noticed a caustic shrike
 57417 | Depths:2 | Killed a caustic shrike
 58028 | Depths:2 | Identified the ring "Jeit" {rCorr rElec Str-4 Int+4} (You found it on level 2 of the Depths)
 58375 | Depths:3 | Reached XP level 22. HP: 211/211 MP: 21/21
 58382 | Depths:3 | Received a gift from Trog
 58485 | Depths:3 | Found a one-way gate leading to the halls of Pandemonium.
 58571 | Depths:3 | HP: 9/211 [frost giant/bolt of cold (44)]
 58586 | Depths:3 | Killed from afar by a frost giant

Vault maps used:
D:1:      dpeg_arrival_arbitrary_c
D:2:      wad_lake_hut, cheibriados_altar_1, overflow_temple_1_default,
          feat_on_display, uniq_jessica, uniq_natasha
D:3:      lemuel_coloured_pillars_altar, marbit_many_paths, first_bread,
          fedhas_altar_3
D:4:      kennysheep_mini, temple_green, hangedman_decor_growths,
          kennysheep_generic_room_15, uniq_blork_the_orc
D:5:      gammafunk_temple_overflow_pools, vehumet_statue,
          overflow_temple_1_default
D:6:      nicolae_overflow_crystal_walls, lemuel_crystal_altar, serial_shops,
          nicolae_shop_trees, corexii_checkpoint_b, uniq_eustachio
D:8:      old_standard_altar, grunt_lair_entry_orc_guard_hut, serial_shops, shop
D:9:      grunt_dithmenos_shadows, grunt_livestock, uniq_prince_ribbit1,
          uniq_erica
D:10:     st_stairs_3
D:11:     serial_shops, nicolae_shop_crystal, glass_columns_c,
          serial_park_tiny_pond
D:12:     kennysheep_orc_monster_closet_entryway, lab_entry_generic,
          minmay_evil_grid, uniq_kirke, uniq_frances
D:13:     serial_shops, kennysheep_mini_moat
D:14:     david_vaults_1, grunt_ministairs_6, nicolae_ru_awakened_eye
D:15:     hangedman_depths_entry_try_elsewhere_first, serial_bayou_lagoon_a,
          minmay_librarian
Lair:1:   statuecave_lemuel
Lair:2:   swamp_mist_pool, uniq_gastronok
Lair:3:   minivault_24
Lair:4:   guppyfry_snake_entry_island, uniq_nergalle
Lair:5:   basic_altar, infiniplex_staircase_pool, grunt_megastairs_2
Lair:6:   cheibrodos_lair_end_hotspot, nicolae_slime_entry_slimehenge
Swamp:1:  serial_swamp_ruin, evilmike_swamp_ruin_house_5,
          evilmike_swamp_ruin_house_1, lightli_tree_ring
Swamp:2:  evilmike_swamp_ruin_rubble_1, swamp_pool1, uniq_donald
Swamp:3:  cheibrodos_swamp_mausoleum, evilmike_swamp_ruin_house_6, swamp_pool1
Swamp:4:  swamp_alternative
Snake:1:  statue_in_the_mist_lemuel, st_stairs_4, spider_trap,
          lemuel_fruit_tree, grunt_megastairs_4
Snake:2:  spider_trap, nicolae_snake_squiggles, grunt_ministairs_5,
          nrook_guardian_serpent_ordinary, serial_bayou_shore_b
Snake:3:  special_room, corexii_hall_statues_s, minmay_shop_grove
Snake:4:  johnstein_snake_rune_scales
Orc:1:    serial_shops, nicolae_shop_statue_plus, nicolae_shop_waterfront, shop,
          shop
Orc:2:    grunt_orc_community_town_hall, grunt_orc_community_big_house_2,
          grunt_orc_community_big_house_1, grunt_orc_community_house_2,
          grunt_orc_community_house_2, grunt_orc_community_house_2,
          grunt_orc_community_house_2, grunt_orc_community_house_1,
          special_room, serial_shops, shop
Vaults:1: vaults_mumra_hex, vaults_room_fancy_cross,
          nicolae_vaults_diagonal_hallway_9, ontoclasm_vaults_twist,
          serial_ice_g, v_pattern_4, st_more_cells,
          nicolae_vaults_ring_of_whatevers, vaults_dpeg_hooks,
          nicolae_vaults_theta, serial_shops, nicolae_shop_overgrown_old_shop,
          shop, shop, nicolae_shop_waterfront, uniq_aizul
Vaults:2: nicolae_vaults_stairing_the_circle, nicolae_vaults_little_squares_6,
          v_misc_17, nicolae_vaults_network_quinsquares, v_misc_14,
          v_alt_pattern_2, nicolae_vaults_big_angled_halls, st_check, v_misc_2,
          v_misc_11, vaults_room_corners, vaults_room_stairs_pillars
Vaults:3: nicolae_vaults_network_periphery, ontoclasm_vaults_pinch,
          nicolae_vaults_network_s, nicolae_vaults_specimen_jars,
          v_alt_pattern_5, nicolae_vaults_little_ls,
          nicolae_vaults_hallways_thing, ontoclasm_vaults_eye, v_misc_3,
          hangedman_vaults_pinch, vaults_room_semicircle,
          ontoclasm_vaults_loading_screen, dummy_crypt_entry, uniq_mara
Vaults:4: grunt_tower_of_power, v_misc_27, nicolae_vaults_angled_halls,
          vaults_standard_mumra_lines, v_misc_4,
          ontoclasm_vaults_loading_screen, ontoclasm_vaults_decontamination,
          nicolae_vaults_alarming, v_misc_30, vaults_mumra_chevron_long,
          nicolae_vaults_rhombus_6, ontoclasm_vaults_loading_screen
Depths:1: columned_hall_lemuel, hell_entry, st_stairs_4,
          serial_sigils_hangedman_gnaw, minmay_serpent_palace,
          serial_bayou_shore_a
Depths:2: hangedman_pleasuredromes, hell_entry, abyss_entry
Depths:3: nicolae_whirlpool, rand_demon_pan_entry_8, nrook_mini_vaults,
          pf_vacation_house_of_asmodeus, nicolae_trove_entry_columns,
          infiniplex_staircase_star
Abyss:4:  hangedman_relentless_pull, evilmike_abyss_rune_ettins
Lab:      labyrinth_fake_exit, labyrinth_lava_lair, nicolae_lab_starburst,
          nicolae_lab_plus, labyrinth_skeletal_remains, nicolae_lab_hexagon,
          nicolae_lab_quarters, nicolae_lab_t_cross, nicolae_lab_checkerboard

Skill      XL: |  1  2  3  4  5  6  7  8  9 10 11 12 13 14 15 16 17 18 19 20 21 |
---------------+----------------------------------------------------------------+-----
Fighting       | 4 5 6 8 9 10 11 12 13 15 16 17 18 19 20 21 | 21.2
Axes           | 4 5 6 7 10 12 14 16 17 18 19 20 21 22 23 24 25 26 | 26.5
Armour         | 3 4 5 6 7 9 11 12 13 14 15 16 | 16.3
Dodging        | 3 4 5 6 7 8 9 10 11 | 11.2
Stealth        | 1 2 3 |  3.3
Shields        | 3 7 10 12 13 14 16 18 19 20 21 | 21.6
Unarmed Combat | 1 |  1.2

Action                   |  1- 3 |  4- 6 |  7- 9 | 10-12 | 13-15 | 16-18 | 19-21 | 22-24 || total
-------------------------+-------+-------+-------+-------+-------+-------+-------+-------++-------
Melee: Hand axe          |    48 |   151 |    51 |       |       |       |       |       ||   250
       Headbutt          |     6 |    30 |    41 |   106 |   364 |   494 |   424 |    11 ||  1476
       War axe           |       |       |    37 |       |       |       |       |       ||    37
       Broad axe         |       |       |   231 |   341 |  1403 |  1650 |  1223 |    24 ||  4872
       Battleaxe         |       |       |       |    77 |       |       |       |       ||    77
       Unarmed           |       |       |       |       |     6 |       |       |       ||     6
Invok: Berserk           |     2 |     2 |     7 |    13 |    16 |    14 |    21 |       ||    75
       Trog's Hand       |       |       |       |     5 |     2 |     6 |     4 |     1 ||    18
       Brothers in Arms  |       |       |       |     8 |       |    12 |    11 |     1 ||    32
       Burn Spellbooks   |       |       |       |     3 |     5 |     1 |       |       ||     9
  Use: Scroll            |     2 |     2 |     8 |     8 |    11 |    23 |    22 |     1 ||    77
       Potion            |       |       |       |     8 |     1 |       |     2 |       ||    11
 Stab: Paralysed         |       |       |       |       |     1 |       |       |       ||     1
       Distracted        |       |       |       |       |       |     2 |     1 |       ||     3
  Eat: Chunk             |     3 |     9 |    10 |    11 |    24 |    12 |    15 |     2 ||    86
       Royal jelly       |       |     1 |     2 |     4 |       |     1 |       |       ||     8
       Bread ration      |       |       |     1 |     3 |     7 |     3 |     4 |       ||    18
       Fruit             |       |       |     1 |       |     7 |     4 |     7 |       ||    19
       Meat ration       |       |       |       |     4 |     2 |     8 |     3 |       ||    17
Armor: Animal skin       |    10 |       |       |       |       |       |       |       ||    10
       Leather armour    |     5 |       |       |       |       |       |       |       ||     5
       Scale mail        |       |    46 |       |       |       |       |       |       ||    46
       Chain mail        |       |     9 |   158 |   236 |   331 |       |       |       ||   734
       Pearl dragon scal |       |       |       |       |    99 |   653 |   344 |    18 ||  1114
Dodge: Dodged            |    47 |    74 |   151 |   194 |   445 |   797 |   524 |    23 ||  2255
Block: Shield            |       |       |       |   117 |   720 |  1149 |   951 |    38 ||  2975
